 Dungeon Crawl Stone Soup version 0.19.1-1-g22dce08 (webtiles) character file.

349 Peloso the Skirmisher (level 6, 0/52 HPs)
             Began as a Ghoul Fighter on Jan 4, 2017.
             Slain by an adder (2 damage)
             ... on level 3 of the Dungeon.
             The game lasted 00:07:15 (2772 turns).

Peloso the Skirmisher (Ghoul Fighter)               Turns: 2772, Time: 00:07:16

Health: 0/52       AC: 10    Str: 20    XL:     6   Next: 60%
Magic:  5/5        EV:  5    Int:  3    God:
Gold:   254        SH:  9    Dex: 10    Spells: 0 memorised, 5 levels left

rFire  + . .     SeeInvis .     a - +0 long sword
rCold  + . .     Gourm    .     i - +1 chain mail {rN+}
rNeg   + + +     Faith    .     c - +0 shield
rPois  ∞         Spirit   .     (no helmet)
rElec  .         Reflect  .     (no cloak)
rCorr  .         Harm     .     (no gloves)
MR     .....                    (no boots)
Stlth  ..........               (no amulet)
                                (no ring)
                                h - ring of protection from fire

@: rotting
A: rotting body, claws 1, carnivore 3, cold resistance 1, negative energy
resistance 3, slow regeneration 1, torment resistance, unbreathing
a: no special abilities


You were on level 3 of the Dungeon.
You were not hungry.

You visited 1 branch of the dungeon, and saw 4 of its levels.

You collected 254 gold pieces.

Inventory:

Hand Weapons
 a - a +0 long sword (weapon)
Armour
 b - a +0 scale mail
 c - a +0 shield (worn)
 i - a +1 chain mail of positive energy (worn)
Jewellery
 h - a ring of protection from fire (left claw)
Wands
 l - a wand of enslavement (11/24)
Scrolls
 g - a scroll of identify
 k - 3 scrolls of magic mapping
 r - a scroll of enchant armour {unknown}
 u - a scroll of blinking {unknown}
Potions
 d - 2 potions of might
 e - a potion of resistance
 j - a potion of flight
 n - a potion of magic
 o - a potion of brilliance {unknown}
Comestibles
 f - 2 meat rations
 p - 3 beef jerkies
 s - 3 chunks of flesh


   Skills:
 + Level 4.2 Fighting
 + Level 3.9 Long Blades
 + Level 3.7 Armour
 + Level 1.1 Dodging
 + Level 0.5 Stealth
 + Level 3.8 Shields


You had 5 spell levels left.
You didn't know any spells.

Dungeon Overview and Level Annotations

Branches:
Dungeon (4/15)
 Temple: D:4-7

Altars:


Innate Abilities, Weirdness & Mutations

Your body is rotting away.
You thrive on raw meat.
You are immune to poison.
You have sharp fingernails.
You are carnivorous and can eat meat at any time.
Your flesh is cold resistant. (rC+)
You are immune to negative energy. (rN+++)
You regenerate slowly when monsters are visible.
You are immune to unholy pain and torment.
You can survive without breathing.


Message History

The adder bites you but does no damage. x2
You slash the adder!
The adder is almost dead.
The adder bites you but does no damage. You block the adder's attack.
You closely miss the adder.
The adder is almost dead.
The adder bites you.
* * * LOW HITPOINT WARNING * * *
You closely miss the adder.
The adder is almost dead.
The adder barely misses you.
You riposte.
You closely miss the adder.
The adder is almost dead.
The adder bites you.
* * * LOW HITPOINT WARNING * * *
You closely miss the adder.
The adder is almost dead.
The adder bites you.
* * * LOW HITPOINT WARNING * * *
The adder bites you.
You die...

#.# #.# #.#
#.########### #.######
#...........# #>.....#
###########.# ######.#
#.# #.# #.# #.#
#########.## #S#
#..........# ######@#
#.#######..#
#......#####..........#
#.####.................
#.# #.####...##.#....#
#.# #.#....#.........#
#.# #.#.##...##.#..#.#
#.# #.#.###.....#..#.#
#.# #...# #........#.#
#.# ##..# #..........#


You could see an adder.

Vanquished Creatures
  A centaur zombie (D:4)
  A hound (D:4)
  An orc priest (D:4)
  An orc wizard (D:4)
  An iguana (D:4)
  A worker ant (D:4)
  4 gnolls (D:3)
  5 adders
  An ooze (D:3)
  A worm (D:3)
  2 dart slugs (D:1)
  2 leopard geckos
  12 orcs
  4 giant cockroaches
  5 goblins
  9 hobgoblins
  3 jackals (D:4)
  4 quokkas
  A ball python (D:2)
  6 bats
  5 kobolds
  8 rats
78 creatures vanquished.

Notes
Turn   | Place    | Note
-------+----------+-------------------------------------------
     0 | D:1      | Peloso the Ghoul Fighter began the quest for the Orb.
     0 | D:1      | Reached XP level 1. HP: 19/19 MP: 0/0
   136 | D:1      | Reached XP level 2. HP: 15/26 MP: 1/1
   894 | D:2      | Reached XP level 3. HP: 19/30 MP: 2/2
  1479 | D:3      | Reached XP level 4. HP: 39/39 MP: 3/3
  1672 | D:3      | Reached XP level 5. HP: 12/46 MP: 4/4
  2353 | D:4      | Reached skill level 4 in Fighting
  2359 | D:4      | Reached XP level 6. HP: 45/52 MP: 5/5
  2529 | D:4      | Reached skill level 1 in Dodging
  2772 | D:3      | HP: 2/52 [adder (4)]
  2772 | D:3      | Slain by an adder

Skill      XL: |  1  2  3  4  5  6 |
---------------+-------------------+-----
Armour         | 3 |  3.7
Long Blades    | 2 3 |  3.9
Shields        | 3 |  3.8
Fighting       | 4 |  4.2
Dodging        | 1 |  1.1
Stealth        | |  0.5

Action                   |  1- 3 |  4- 6 || total
-------------------------+-------+-------++-------
Melee: Long sword        |   151 |   263 ||   414
  Use: Scroll            |     1 |     6 ||     7
  Eat: Chunk             |     1 |    11 ||    12
Armor: Chain mail        |   114 |   168 ||   282
Dodge: Dodged            |    47 |    64 ||   111
Block: Shield            |    76 |   124 ||   200
       Rpst.: Long sword |    18 |    18 ||    36
